 Dungeon Crawl Stone Soup version 0.23-a0-150-g7664ed78f7 (webtiles) character file.

745 Holzbalken the Gusty (level 7, -2/50 HPs)
             Began as a Yellow Draconian Air Elementalist on Sept 7, 2018.
             Slain by an orc warrior
             ... wielding a +0 glaive
              (13 damage)
             ... on level 4 of the Dungeon.
             The game lasted 00:23:00 (4731 turns).

Holzbalken the Gusty (DrAE)                         Turns: 4731, Time: 00:23:01

Health: -2/50      AC:  8    Str:  8 (10) XL:     7   Next: 47%
Magic:  7/13       EV: 12    Int: 15 (18) God:
Gold:   148        SH:  0    Dex:  8 (11) Spells: 9/14 levels left

rFire    . . .     SeeInvis .   c - +1 hand axe (chop)
rCold    . . .     Gourm    .   (no shield)
rNeg     . . .     Faith    .   (armour unavailable)
rPois    .         Spirit   .   (helmet restricted)
rElec    .         Reflect  .   l - +0 cloak
rCorr    +         Harm     .   (no gloves)
MR       .....                  m - +0 pair of boots
Stlth    ++........             v - amulet of magic regeneration
HPRegen  0.16/turn              (no ring)
MPRegen  0.38/turn              (no ring)

@: lethally poisoned (-2 -> -15)
A: spit acid, acid resistance, unfitting armour, cold-blooded, AC +6
a: Breathe Acid


You were on level 4 of the Dungeon.
You were not hungry.

You visited 1 branch of the dungeon, and saw 5 of its levels.

You collected 148 gold pieces.

Inventory:

Hand Weapons
 a - a +0 dagger
 c - a +1 hand axe of chopping (weapon)
Armour
 l - a +0 cloak (worn)
 m - a +0 pair of boots (worn)
Jewellery
 v - an amulet of magic regeneration (around neck)
Wands
 n - a wand of digging (14)
Scrolls
 d - 3 scrolls of identify {unknown}
 f - a scroll of fear {unknown}
 g - a scroll of amnesia {unknown}
 i - 2 scrolls of remove curse {unknown}
 j - a scroll of enchant armour {unknown}
 k - 3 scrolls of random uselessness {unknown}
 p - 3 scrolls of enchant weapon {unknown}
 s - a scroll of blinking {unknown}
 u - a scroll of fog {unknown}
Potions
 e - a potion of ambrosia {unknown}
 h - a potion of mutation {unknown}
 o - a potion of degeneration
 q - 3 potions of agility
 t - a potion of magic {unknown}
Comestibles
 b - 10 rations


   Skills:
 - Level 1.7 Dodging
 - Level 1.7 Stealth
 + Level 4.2 Spellcasting
 + Level 4.1 Conjurations
 * Level 6.6 Air Magic


You had 9 spell levels left.
You knew the following spells:

 Your Spells              Type           Power        Failure   Level  Hunger
a - Shock                 Conj/Air       ###.         1%          1    None
b - Airstrike             Air            ###.......   12%         4    ####...

Your spell library contained the following spells:

 Spells                   Type           Power        Failure   Level  Hunger
 Static Discharge         Conj/Air       ###.....     6%          3    ###....
 Swiftness                Chrm/Air       ##......     7%          2    ##.....
 Lightning Bolt           Conj/Air       ###.......   47%         5    ######.


Dungeon Overview and Level Annotations

Branches:
Dungeon (5/15)             Temple (0/1) D:5

Altars:
Trog
Uskayaw
Vehumet


Innate Abilities, Weirdness & Mutations

You can spit globs of acid.
You are resistant to acid.
Your golden yellow scales are hard. (AC +6)
You cannot fit into any form of body armour.
You are cold-blooded and may be slowed by cold attacks.


Message History

The worker ant bites you.
You are poisoned.
The worker ant poisons you!
The phantom blinks!
You climb upwards.
You feel sick. The orc warrior hits you with a glaive.
There is a stone staircase leading down here.
You hit the worker ant but do no damage.
The worker ant is heavily wounded.
You hit the orc warrior but do no damage.
The worker ant bites you. The orc warrior hits you with a glaive!
The worker ant bites you.
* * * LOW HITPOINT WARNING * * *
You are lethally poisoned!
The worker ant poisons you!
You barely miss the worker ant.
The worker ant is heavily wounded.
You hit the orc warrior.
* * * LOW HITPOINT WARNING * * *
You feel sick. The worker ant barely misses you.
The orc warrior hits you with a glaive!
You die...

#........#[#.......
#####..#######.#.......
#...#..........#..)....
#....#......##.#(...)..
#....#......##.#....).)
#....#.......#.#.8.8.8.
#....#.......#.########
#...##a.....##......#..
#...##@.....#######'#..
#....o......#..........
#...........#..........
#...........#..........
#[..##......#..........
#...##......#..........
#...........#..........
#[..........#..........
#...##......#......(...


You could see an orc warrior and a worker ant.

Vanquished Creatures
  Edmund (D:5)
  An eye of draining (D:4)
  A centaur (D:5)
  2 hounds
  4 orc priests
  2 orc wizards (D:4)
  Terence (D:1)
  Robin (D:2)
  5 gnolls
  3 adders
  An ooze (D:3)
  3 leopard geckos
  8 orcs
  5 giant cockroaches
  22 goblins
  12 hobgoblins
  3 jackals
  A quokka (D:2)
  A ball python (D:2)
  13 bats
  7 frilled lizards
  8 kobolds
  11 rats
116 creatures vanquished.

Notes
Turn   | Place    | Note
-------+----------+-------------------------------------------
     0 | D:1      | Holzbalken the Draconian Air Elementalist began the quest
                  | for the Orb.
     0 | D:1      | Reached XP level 1. HP: 14/14 MP: 3/3
   300 | D:1      | Reached XP level 2. HP: 14/20 MP: 1/5
  1030 | D:2      | Noticed Terence
  1066 | D:1      | HP: 1/20 [Terence/hand axe of chopping (1)]
  1075 | D:1      | Killed Terence
  1075 | D:1      | Reached XP level 3. HP: 9/26 MP: 0/6
  1300 | D:2      | Found a hide-covered altar of Uskayaw.
  1534 | D:2      | Reached skill level 4 in Air Magic
  1609 | D:2      | Reached XP level 4. HP: 33/33 MP: 7/7
  1746 | D:2      | Found a radiant altar of Vehumet.
  1790 | D:2      | Noticed Robin
  1795 | D:2      | Killed Robin
  2426 | D:3      | Learned a level 4 spell: Airstrike
  2480 | D:3      | Reached XP level 5. HP: 33/38 MP: 2/9
  3275 | D:4      | Noticed an eye of draining
  3291 | D:4      | Reached skill level 5 in Air Magic
  3307 | D:4      | Killed an eye of draining
  3307 | D:4      | Reached XP level 6. HP: 45/45 MP: 0/11
  3394 | D:4      | Found a bloodstained altar of Trog.
  3457 | D:4      | Noticed an orc warrior
  4363 | D:5      | Entered Level 5 of the Dungeon
  4363 | D:5      | Noticed Edmund
  4371 | D:5      | Killed Edmund
  4371 | D:5      | Reached skill level 6 in Air Magic
  4371 | D:5      | Your scales start taking on a golden yellow colour.
  4371 | D:5      | Reached XP level 7. HP: 38/50 MP: 7/12
  4451 | D:5      | Found a staircase to the Ecumenical Temple.
  4731 | D:4      | Slain by an orc warrior

Vault maps used:
D:1:      tarquinn_simple_flora_water_b, minmay_tiny_reverse_x
D:2:      nicolae_overflow_crystal_walls, lemuel_doored_altar, first_ration,
          minmay_octomino_j4, uniq_terence, uniq_robin
D:3:      minmay_wonky_spiral, grunt_ministairs_11, serial_bayou_lake_a
D:4:      kennysheep_the_goblin_king, trog_eyes_of_draining, sigmund_army
D:5:      minmay_temple_entry_statues_pillars, serial_shops, shop_statue, shop,
          uniq_duvessa, uniq_edmund, uniq_eustachio

Skill      XL: |  1  2  3  4  5  6  7 |
---------------+----------------------+-----
Conjurations   | 2 3 4 |  4.1
Air Magic      | 4 5 6 |  6.6
Spellcasting   | 3 4 |  4.2
Dodging        | |  1.7
Stealth        | |  1.7

Action                   |  1- 3 |  4- 6 |  7- 9 || total
-------------------------+-------+-------+-------++-------
Melee: Dagger            |    37 |       |       ||    37
       Tailslap          |     4 |     8 |       ||    12
       Hand axe          |    23 |    51 |     4 ||    78
 Cast: Shock             |    47 |   105 |    26 ||   178
  Use: Potion            |     3 |       |     2 ||     5
  Eat: Chunk             |     3 |     5 |     1 ||     9
       Ration            |       |     1 |       ||     1
Armor: Skin              |    23 |    30 |     5 ||    58
Dodge: Dodged            |    81 |    55 |    14 ||   150

Table legend:
 A = Non-vault XP
 B = Vault XP
 C = Vault XP percentage of total XP
 D = Non-vault monster count
 E = Vault monster count
 F = Vault count percentage of total count
                 A         B        C        D         E       F
            +---------+---------+-------+---------+---------+-------
      Total |     667 |     398 |  37.4 |      83 |      33 |  28.4
            +---------+---------+-------+---------+---------+-------
        D:1 |      24 |      35 |  59.3 |      17 |       3 |  15.0
        D:2 |      47 |      43 |  47.8 |      24 |      15 |  38.5
        D:3 |      92 |       5 |   5.2 |      18 |       4 |  18.2
        D:4 |     292 |     158 |  35.1 |      17 |      10 |  37.0
        D:5 |     212 |     157 |  42.5 |       7 |       1 |  12.5
            +---------+---------+-------+---------+---------+-------
